 Dungeon Crawl Stone Soup version 0.19.1 (webtiles) character file.

561 sveltemanboy the Caller (level 7, -5/48 HPs)
             Began as a Mummy Summoner on Dec 9, 2016.
             Was an Initiate of Gozag.
             Shot with an arrow by a centaur (9 damage)
             ... on level 4 of the Dungeon.
             The game lasted 00:19:02 (7296 turns).

sveltemanboy the Caller (Mummy Summoner)            Turns: 7296, Time: 00:19:02

Health: -5/48      AC:  6    Str: 12    XL:     7   Next: 9%
Magic:  10/10      EV: 11    Int: 16    God:    Gozag
Gold:   251        SH:  0    Dex: 12    Spells: 3 memorised, 4 levels left

rFire  x . .     SeeInvis .     (no weapon)
rCold  + + .     Gourm    .     m - +2 leather armour {rC+}
rNeg   + + +     Faith    .     (no shield)
rPois  ∞         Spirit   .     (no helmet)
rElec  .         Reflect  .     e - +0 cloak
rCorr  .         Harm     .     (no gloves)
MR     .....                    (no boots)
Stlth  +.........               (no amulet)
                                (no ring)
                                q - ring of positive energy

@: no status effects
A: no food or potions, fire vulnerability, cold resistance 1, negative energy
resistance 3, torment resistance, unbreathing
a: Potion Petition, Call Merchant, Bribe Branch, Renounce Religion


You were on level 4 of the Dungeon.
You worshipped Gozag.
Gozag was aware of your devotion.
You were not hungry.

You visited 2 branches of the dungeon, and saw 6 of its levels.

You collected 306 gold pieces.
You paid 55 gold pieces to Gozag.

Inventory:

Armour
 e - a +0 cloak (worn)
 m - a +2 leather armour of cold resistance (worn)
Jewellery
 q - a ring of positive energy (left hand)
Wands
 k - a wand of acid (3/15)
 n - a wand of teleportation (0/9)
 p - a wand of iceblast (6/15)
Scrolls
 a - a scroll of enchant weapon {unknown}
 c - 8 scrolls of identify
 d - 2 scrolls of fear {unknown}
 f - a scroll of magic mapping {unknown}
 g - 2 scrolls of enchant armour {unknown}
 h - 2 scrolls of random uselessness {unknown}
 i - 2 scrolls of teleportation {unknown}
 j - a scroll of immolation {unknown}
 l - 2 scrolls of amnesia {unknown}
 o - a scroll of fog {unknown}
Books
 b - a book of Callings

   Spells                             Type                      Level
   a - Summon Small Mammal            Summoning                    1
   b - Call Imp                       Summoning                    2
   c - Call Canine Familiar           Summoning                    3
   d - Summon Guardian Golem          Hexes/Summoning              3
   e - Summon Lightning Spire         Summoning/Air                4
   f - Summon Ice Beast               Ice/Summoning                4


   Skills:
 + Level 1.0 Fighting
 - Level 1.5 Dodging
 - Level 1.5 Stealth
 - Level 2.0 Spellcasting
 * Level 7.1 Summonings


You had 4 spell levels left.
You knew the following spells:

 Your Spells              Type           Power        Failure   Level  Hunger
a - Summon Small Mammal   Summ           ###.         1%          1    N/A
b - Call Imp              Summ           ###.....     1%          2    N/A
c - Call Canine Familiar  Summ           ###.....     4%          3    N/A

Dungeon Overview and Level Annotations

Branches:
Dungeon (5/15)             Temple (1/1) D:4

Altars:
Ashenzari
Dithmenos
Elyvilon
Fedhas
Gozag
Hepliaklqana
Kikubaaqudgha
Okawaru
Qazlal
Ru
Trog
Uskayaw
Vehumet
Xom
Yredelemnul
Zin
The Shining One
Lugonu

Shops:
D:4 }

Annotations:
D:5 azzavlup's ghost, novice VSAr


Innate Abilities, Weirdness & Mutations

You do not eat or drink.
Your flesh is vulnerable to fire.
You are immune to poison.
Your flesh is cold resistant. (rC+)
You are immune to negative energy. (rN+++)
You are immune to unholy pain and torment.
You can survive without breathing.


Message History

Your hound bites azzavlup's ghost but does no damage.
Azzavlup's ghost closely misses you.
You climb upwards.
There is a stone staircase leading down here.
You start resting.
Magic restored.
You start resting.
A centaur comes into view.
The centaur shouts!
The centaur wields a shortbow.
The centaur shoots an arrow.
The arrow barely misses you.
The centaur shoots an arrow.
The arrow hits you!
The centaur shoots an arrow.
The arrow hits you!
You see here 2 arrows.
The centaur shoots an arrow.
The arrow hits you!
* * * LOW HITPOINT WARNING * * *
You see here an arrow.
The centaur shoots an arrow.
The arrow hits you!
You die...
Your body crumbles into a pile of gold.

.....# ##..............#####
.....# #...............# #..
.....##### #...............# #.#
.........####...............# #.#
.........+..........>.......###.#
.........#####..................#
##.......# #....(..############
#........## #...(...#
#.#.#.#.#.## #..@....#
.(.........# ###.#####
#.#.#.#.#.### #c...#
............# ##.#.#
#.#.#.#.#.#.# ###.#.#
............###..∩..#
#.#.#.#.#.#.....#.###
..................#
#.#.#.#.#>#......##########


You could see a centaur.

Vanquished Creatures
  A crimson imp (D:3)
  A worker ant (D:4)
  A gnoll (D:3)
  3 adders
  A dart slug (D:2)
  3 leopard geckos
  2 orcs
  4 giant cockroaches
  A goblin (D:1)
  A jackal (D:3)
  3 frilled lizards
  A kobold (D:1)
  5 rats
27 creatures vanquished.

Vanquished Creatures (collateral kills)
  Grinder (D:3)
  An ogre (D:3)
  2 scorpions
  A howler monkey (D:4)
  A crimson imp (D:5)
  A bullfrog zombie (D:4)
  2 jellies
  An orc wizard (D:5)
  Terence (D:2)
  An iguana (D:4)
  3 worker ants (D:4)
  A gnoll (D:2)
  10 adders
  A shadow imp (D:5)
  3 worms
  A leopard gecko (D:2)
  5 orcs
  A ball python (D:1)
  7 bats
  3 giant cockroaches
  10 hobgoblins
  5 jackals
  2 quokkas (D:2)
  3 frilled lizards
  5 goblins
  A jackal skeleton (D:4)
  7 kobolds
  A leopard gecko skeleton (D:5)
  A leopard gecko zombie (D:5)
  4 rats
86 creatures vanquished.

Grand Total: 113 creatures vanquished

Notes
Turn   | Place    | Note
-------+----------+-------------------------------------------
     0 | D:1      | sveltemanboy the Mummy Summoner began the quest for the Orb.
     0 | D:1      | Reached XP level 1. HP: 13/13 MP: 3/3
   400 | D:1      | Reached XP level 2. HP: 19/19 MP: 1/5
  1512 | D:1      | Learned a level 2 spell: Call Imp
  1551 | D:1      | Reached skill level 4 in Summonings
  1839 | D:2      | Found a shadowy altar of Dithmenos.
  1976 | D:2      | Found a shimmering altar of Xom.
  1997 | D:2      | Reached XP level 3. HP: 24/24 MP: 0/6
  2231 | D:2      | Learned a level 3 spell: Call Canine Familiar
  2566 | D:2      | Found a hide-covered altar of Uskayaw.
  2586 | D:2      | Found a hazy altar of Hepliaklqana.
  2630 | D:2      | Noticed Terence
  2653 | D:2      | Killed Terence
  2900 | D:2      | Reached XP level 4. HP: 23/30 MP: 3/7
  3501 | D:3      | Found an iron altar of Okawaru.
  3502 | D:3      | Noticed an ogre
  3535 | D:3      | Killed an ogre
  3535 | D:3      | Reached skill level 5 in Summonings
  3646 | D:3      | Noticed Grinder
  3793 | D:3      | You fall through a shaft for 2 floors!
  3793 | D:5      | Entered Level 5 of the Dungeon
  3807 | D:4      | Found Zilaom's Gadget Shoppe.
  3990 | D:4      | Reached XP level 5. HP: 16/35 MP: 1/8
  4941 | D:3      | Found a bloodstained altar of Trog.
  5055 | D:3      | Paralysed by Grinder for 2 turns
  5312 | D:3      | Reached skill level 6 in Summonings
  5452 | D:3      | Killed Grinder
  5452 | D:3      | Reached XP level 6. HP: 41/41 MP: 0/9
  5615 | D:4      | Found a staircase to the Ecumenical Temple.
  5645 | Temple   | Entered the Ecumenical Temple
  5730 | Temple   | Became a worshipper of Gozag Ym Sagoz the Greedy
  5921 | D:4      | Found a blossoming altar of Fedhas.
  5923 | D:4      | Found an ancient bone altar of Kikubaaqudgha.
  6394 | D:4      | Found a shattered altar of Ashenzari.
  6599 | D:5      | Reached skill level 7 in Summonings
  6628 | D:5      | Reached XP level 7. HP: 15/47 MP: 4/10
  7023 | D:5      | Reached skill level 1 in Fighting
  7087 | D:5      | Noticed azzavlup's ghost (novice VSAr)
  7296 | D:4      | Shot with an arrow by a centaur

Skill      XL: |  1  2  3  4  5  6  7 |
---------------+----------------------+-----
Summonings     | 4 5 6 7 |  7.1
Fighting       | 1 |  1.0
Dodging        | |  1.5
Stealth        | |  1.5
Spellcasting   | |  2.0

Action                   |  1- 3 |  4- 6 |  7- 9 || total
-------------------------+-------+-------+-------++-------
Melee: Unarmed           |   146 |   241 |    18 ||   405
 Cast: Summon Small Mamm |    95 |    38 |     3 ||   136
       Call Imp          |     7 |    36 |     7 ||    50
       Call Canine Famil |     2 |    14 |     3 ||    19
Invok: Potion Petition   |       |     1 |       ||     1
Evoke: Wand              |       |     1 |       ||     1
  Use: Scroll            |     2 |       |       ||     2
 Stab: Distracted        |     2 |     8 |       ||    10
Armor: Robe              |    11 |       |       ||    11
       Leather armour    |    34 |    95 |     2 ||   131
Dodge: Dodged            |   123 |   163 |    11 ||   297
